 Dungeon Crawl Stone Soup version 0.28-a0-1638-g9123634e07 (webtiles) character file.

Game seed: 5843643433329260270

1477 a3don the Sneak (level 8, -4/42 HPs)
             Began as a Spriggan Abyssal Knight on Jan 25, 2022.
             Was a Priest of Lugonu.
             Splashed by a jelly's acid (8 damage)
             ... on level 6 of the Dungeon.
             The game lasted 00:16:16 (6459 turns).

a3don the Sneak (Spriggan Abyssal Knight)           Turns: 6459, Time: 00:16:17

Health: -4/42      AC: -10   Str:  9    XL:     8   Next: 49%
Magic:  13/14      EV: 19    Int: 13    God:    Lugonu [***...]
Gold:   271        SH:  0    Dex: 16    Spells: 13/14 levels left

rFire   + . .      SeeInvis +   a - +2 dagger (drain)
rCold   . . .      Faith    .   (no shield)
rNeg    . . .      Spirit   .   u - +2 robe
rPois   .          Reflect  .   (helmet restricted)
rElec   .          Harm     .   t - +1 cloak
rCorr   .          Rampage  .   (gloves unavailable)
Will    +....                   (boots unavailable)
Stlth   ++++......              A - amulet of the acrobat
HPRegen 0.14/turn               d - ring of protection from fire
MPRegen 0.14/turn               (no ring)

@: corroded, very quick
A: very small, no large weapons, unfitting armour, see invisible, speed 3
a: Renounce Religion, Depart the Abyss, Bend Space, Banish


You were on level 6 of the Dungeon.
You worshipped Lugonu.
Lugonu was most pleased with you.
You visited 1 branch of the dungeon, and saw 6 of its levels.
You visited the Abyss 1 time.

You collected 271 gold pieces.

Inventory:

Hand Weapons
 a - a +2 dagger of draining (weapon)
 b - a +0 hunting sling
 e - a +1 short sword
 s - a +3 quarterstaff of chaos
 y - a +0 short sword of venom
Missiles
 l - 80 sling bullets
 x - 85 stones (quivered)
 B - 4 poisoned darts
Armour
 t - a +1 cloak (worn)
 u - a +2 robe (worn)
 z - +0 steam dragon scales
Jewellery
 d - a ring of protection from fire (left hand)
 A - an amulet of the acrobat (around neck)
Wands
 r - a wand of acid (4)
Scrolls
 c - 5 scrolls of teleportation {unknown}
 f - a scroll of torment {unknown}
 g - 7 scrolls of identify {unknown}
 h - a scroll of fear {unknown}
 k - a scroll of blinking {unknown}
 p - a scroll of brand weapon {unknown}
 v - a scroll of enchant armour {unknown}
 w - 2 scrolls of noise {unknown}
 C - a scroll of vulnerability {unknown}
Potions
 i - a potion of heal wounds {unknown}
 j - 3 potions of curing
 m - a potion of mutation {unknown}
 n - a potion of brilliance {unknown}
 o - a potion of haste {unknown}
 q - 2 potions of magic {unknown}


   Skills:
 + Level 3.6 Fighting
 + Level 4.4 Short Blades
 + Level 5.5 Dodging
 * Level 7.1 Stealth
 + Level 3.6 Spellcasting
 + Level 2.1 Conjurations
 * Level 4.0 Translocations
 + Level 2.5 Fire Magic
 + Level 3.8 Invocations


You had 13 spell levels left.
You knew the following spells:

 Your Spells              Type           Power      Damage    Failure   Level
a - Foxfire               Conj/Fire      32%        2x1d5     9%          1

Your spell library contained the following spells:

 Spells                   Type           Power      Damage    Failure   Level
 Animate Dead             Necr           1%         N/A       91%         4
 Borgnjor's Vile Clutch   Necr/Erth      1%         N/A       99%         5
 Dispersal                Tloc           6%         N/A       99%         6
 Death Channel            Necr           1%         N/A       100%        6
 Disjunction              Tloc           6%         N/A       100%        8


Dungeon Overview and Level Annotations

Branches:
Dungeon (6/15)
 Temple: D:4-7

Altars:
Cheibriados
Hepliaklqana

Shops:
D:4 (


Innate Abilities, Weirdness & Mutations

You are very small and have problems with some larger weapons.
You are too small for most types of armour.
You have supernaturally acute eyesight. (SInv)
You cover ground extremely quickly. (Speed+++)


Message History

The helpless hound fails to defend itself.
You spit the hound like a pig!!!
You kill the hound!
Lugonu accepts your kill.
Your Translocations skill increases to level 4!
Throw: 86 stones
Press: ? - help, Q - select action, (/) - cycle Shift-Dir - straight line, f - jelly
Aim: a jelly (90% to hit)
You throw a stone. The stone completely misses the jelly.
You hit the jelly. The acid corrodes you!
Your hands burn!
The jelly is moderately wounded.
You hit the jelly. You drain the jelly. The acid corrodes you!
Your hands burn!
The jelly is severely wounded.
The jelly hits you. The acid corrodes you!
You are splashed with acid!
You hit the jelly but do no damage. You drain the jelly.
Your hands burn!
The jelly is severely wounded.
The jelly misses you.
You hit the jelly but do no damage.
Your hands burn!
The jelly is severely wounded.
The jelly misses you.
You hit the jelly.
Your hands burn!
The jelly is almost dead.
You hit the jelly but do no damage.
Your hands burn!
* * * LOW HITPOINT WARNING * * *
The jelly is almost dead.
The jelly closely misses you.
You hit the jelly but do no damage. The acid corrodes you!
Your hands burn!
* * * LOW HITPOINT WARNING * * *
The jelly is almost dead.
The jelly completely misses you.
You hit the jelly but do no damage. The acid corrodes you!
Your hands burn!
* * * LOW HITPOINT WARNING * * *
The jelly is almost dead.
The jelly completely misses you.
Casting: Foxfire (safe; 9% risk of failure)
Confirm with . or Enter, or press ? or * to list all spells.
You conjure some foxfire!
The jelly hits you.
* * * LOW HITPOINT WARNING * * *
You are splashed with acid!
You die...

......)........(..
.................
.....P..........
.....(8....... .
...$..#....# ...
#.P..#.$.#
....###..#.#Jv#
............@#
#.###..<..##v†..#
##.######.#.# ...
..... #... ..#.##
#.... ..# # .....#
... #..... ....
....##


You could see a jelly (drained, ally target).

Vanquished Creatures
  Sigmund (D:4)
  A steam dragon (D:4)
  Edmund (D:4)
  A water moccasin (D:4)
  2 sky beasts
  2 scorpions
  A water moccasin zombie (D:5)
  A water moccasin skeleton (D:5)
  A bullfrog zombie (D:5)
  Crazy Yiuf (D:3)
  3 hounds
  2 bullfrog skeletons (D:5)
  2 orc wizards
  A scorpion zombie (D:5)
  A killer bee zombie (D:6)
  9 gnolls
  10 adders
  4 worms
  2 dart slugs
  17 orcs
  A bat (D:2)
  3 endoplasms
  7 giant cockroaches
  8 goblins
  4 hobgoblins
  2 jackals (D:3)
  A quokka (D:4)
  6 ball pythons
  3 frilled lizards
  3 kobolds
  4 rats
105 creatures vanquished.

Vanquished Creatures (others)
  137 foxfires
  A plant (D:1)
138 creatures vanquished.

Grand Total: 243 creatures vanquished

Notes
Turn   | Place    | Note
-------+----------+-------------------------------------------
     0 | Abyss:1  | a3don the Spriggan Abyssal Knight began the quest for the
                  | Orb.
     0 | Abyss:1  | Reached XP level 1. HP: 11/11 MP: 3/3
     9 | Abyss:1  | Found a blossoming altar of Fedhas.
    16 | D:1      | Escaped the Abyss
   151 | D:1      | Reached XP level 2. HP: 9/16 MP: 4/4
   303 | D:1      | Found a faded altar of an unknown god.
   388 | D:1      | Got Plato's Guide on Confrontation
   393 | D:1      | Learned a level 1 spell: Foxfire
   741 | D:2      | Reached skill level 1 in Stealth
  1012 | D:2      | Reached XP level 3. HP: 19/19 MP: 5/5
  1114 | D:2      | Reached ** piety under Lugonu
  1475 | D:2      | Reached skill level 2 in Stealth
  2064 | D:2      | Reached XP level 4. HP: 18/23 MP: 6/6
  2244 | D:3      | Found a runed translucent door.
  2245 | D:3      | Noticed Crazy Yiuf
  2619 | D:3      | Killed Crazy Yiuf
  2620 | D:3      | Reached skill level 1 in Spellcasting
  2910 | D:4      | Noticed a water moccasin
  2920 | D:4      | Killed a water moccasin
  2921 | D:4      | Reached skill level 3 in Stealth
  2921 | D:4      | Reached skill level 1 in Fire Magic
  2921 | D:4      | Reached XP level 5. HP: 28/28 MP: 1/8
  2935 | D:4      | Found Oqiuwa's Weapon Shoppe.
  3063 | D:4      | Reached skill level 1 in Conjurations
  3063 | D:4      | Reached XP level 6. HP: 28/32 MP: 8/10
  3175 | D:4      | Noticed Sigmund
  3183 | D:4      | Killed Sigmund
  3184 | D:4      | Reached skill level 4 in Stealth
  3253 | D:4      | Noticed a steam dragon
  3276 | D:4      | Killed a steam dragon
  3277 | D:4      | Reached skill level 5 in Stealth
  3277 | D:4      | Reached XP level 7. HP: 30/36 MP: 11/11
  3633 | D:4      | Found a snail-covered altar of Cheibriados.
  3634 | D:4      | Found a hazy altar of Hepliaklqana.
  3673 | D:4      | Reached *** piety under Lugonu
  3674 | D:4      | Reached skill level 1 in Translocations
  4314 | D:4      | Noticed Edmund
  4345 | D:4      | Killed Edmund
  4346 | D:4      | Reached skill level 5 in Dodging
  4457 | D:5      | Entered Level 5 of the Dungeon
  4466 | D:5      | Reached skill level 6 in Stealth
  5054 | D:5      | Reached XP level 8. HP: 35/40 MP: 13/13
  5922 | D:5      | Reached skill level 7 in Stealth
  6459 | D:6      | Splashed by a jelly's acid

Illustrated notes

Levels and vault maps discovered:
D:1:      minmay_arrival_checkered_box, layout_rooms,
          shapermc_ecumenical_altar_rom_forum
D:2:      layout_loops_ring
D:3:      cheibrodos_old_hovel, layout_rooms, uniq_crazy_yiuf_cottage
D:4:      layout_loops_ring, mainiacjoe_overflow_catwalk_spiral, serial_shops,
          nicolae_shop_waterfront, chequers_serial_rivers_micro_e,
          grunt_decor_one_mirror, sigmund_edmund_badplayer
D:5:      layout_rooms
D:6:      layout_cave_pools, lemuel_crystal_altar, serial_undead,
          serial_undead_d, serial_undead_e, serial_undead_f, serial_undead_e,
          serial_undead_a, serial_undead_b, serial_undead_c, serial_undead_d,
          uniq_edmund, uniq_pikel

Skill      XL: |  1  2  3  4  5  6  7  8 |
---------------+-------------------------+-----
Invocations    | 2 3 |  3.8
Stealth        | 1 2 3 5 6 7 |  7.1
Short Blades   | 3 4 |  4.4
Spellcasting   | 1 2 3 |  3.6
Dodging        | 4 5 |  5.5
Fire Magic     | 1 2 |  2.5
Conjurations   | 1 2 |  2.1
Fighting       | 3 |  3.6
Translocations | 2 4 |  4.0

Action                   |  1- 3 |  4- 6 |  7- 9 || total
-------------------------+-------+-------+-------++-------
Melee: Short sword       |    26 |       |     8 ||    34
       Dagger            |    69 |    54 |   295 ||   418
       Punch             |     2 |     1 |     7 ||    10
 Fire: Hunting sling     |       |       |     4 ||     4
Throw: Dart              |       |       |     4 ||     4
       Stone             |       |       |     4 ||     4
 Cast: Foxfire           |       |     9 |    74 ||    83
Invok: Bend Space        |       |       |     2 ||     2
Evoke: Wand              |       |       |     1 ||     1
 Stab: Sleeping          |     4 |     4 |     5 ||    13
       Distracted        |       |       |     1 ||     1
Armor: Robe              |     7 |     4 |    39 ||    50
Dodge: Dodged            |    47 |    38 |   242 ||   327

Table legend: (Time is in decaauts)
 A = Elapsed time spent in this place.
 B = Non-inter-level travel time spent in this place.
 C = Inter-level travel time spent in this place.
 D = Time resting spent in this place.
 E = Time spent auto-exploring this place.
 F = Levels seen in this place.
 G = Mean time per level.
                   A        B        C        D        E       F      G
               +--------+--------+--------+--------+--------+-----+--------+
         Total |   5107 |   4973 |    134 |   1878 |   1932 |   7 |  729.6 |
       Dungeon |   5097 |   4963 |    134 |   1878 |   1928 |   6 |  849.5 |
         Abyss |     10 |     10 |      0 |      0 |      4 |   1 |   10.0 |
               +--------+--------+--------+--------+--------+-----+--------+

Top non-repeatable levels by time:
     D:4: 1657 daAuts
     D:5: 1175 daAuts
     D:2: 1026 daAuts
     D:3: 673 daAuts
     D:1: 534 daAuts
     D:6: 30 daAuts
 Abyss:1: 10 daAuts
